 Dungeon Crawl Stone Soup version 0.30.1-11-g7821555f0a (webtiles) character file.

Game seed: 6512283558452545724

57850 mys the Carver (level 14, -12/127 HPs)
             Began as an Armataur Fighter on Jan 14, 2024.
             Was a High Priest of Okawaru.
             Mangled by a komodo dragon (21 damage)
             ... on level 5 of the Lair of Beasts on Jan 15, 2024.
             The game lasted 01:25:15 (26966 turns).

mys the Carver (Armataur Fighter)                  Turns: 26966, Time: 01:25:15

Health: -12/127    AC: 21    Str: 27    XL:     14   Next: 47%
Magic:  24/24      EV:  8    Int: 12    God:    Okawaru [*****.]
Gold:   1800       SH:  6    Dex: 12    Spells: 18/26 levels left

rFire   . . .        a - +4 scimitar (elec)
rCold   . . .        c - +0 buckler
rNeg    . . .        E - +1 ring mail {Will+}
rPois   +            D - +0 helmet
rElec   +            x - +2 cloak {rCorr}
rCorr   +            (no gloves)
SInv    .            J - +2 barding {Fly}
Will    +++..        (no amulet)
Stlth   ++++         A - ring of Xom's Attic {rCorr Int+3 Dex+3 Stlth+}
HPRegen 0.41/turn    B - ring "Vyikamm" {Contam rElec rPois Will+ Stlth+}
MPRegen 0.19/turn

%: roll
@: flying
A: large, rugged brown scales 3, deformed body, armoured tail, roll, long
tongue, awkward tongue
a: Renounce Religion, Heroism, Finesse, Duel


You were on level 5 of the Lair of Beasts.
You worshipped Okawaru.
Okawaru was extremely pleased with you.
You visited 4 branches of the dungeon, and saw 18 of its levels.
You also visited: Ossuary.

You collected 1800 gold pieces.

Inventory:

Hand Weapons
 a - a +4 scimitar of electrocution (weapon)
 b - a +0 scimitar of flaming
Missiles
 t - 3 atropa-tipped darts
 u - a silver javelin
 O - 11 poisoned darts (quivered)
 X - 8 javelins
Armour
 c - a +0 buckler (worn)
 x - a +2 cloak of preservation (worn)
 y - a +2 leather armour of cold resistance
 D - a +0 helmet (worn)
 E - a +1 ring mail of willpower (worn)
 J - a +2 barding of flying (worn)
 T - a scarf of resistance
Magical Staves
 F - a staff of death
 P - the staff of poison "Dogull" {Fly rPois rC- rN+ Dex+6}
   (You found it on level 3 of the Lair of Beasts)

   [staff of poison]

   Base accuracy: +5 Base damage: 5 Base attack delay: 1.2 This weapon's minimum
   attack delay (0.6) is reached at skill level 12.
   Dex:       It affects your dexterity (+6).
   rC:        It makes you vulnerable to cold.
   rPois:     It protects you from poison.
   rN:        It protects you from negative energy.
   Fly:       It grants you flight.
   It falls into the 'Staves' category.
   It is a one-handed weapon.
Jewellery
 j - a ring of positive energy
 z - a ring of ice
 A - the ring of Xom's Attic (left hand) {rCorr Int+3 Dex+3 Stlth+}
   (You took it off an orc on level 4 of the Dungeon)

   [ring of resist corrosion]

   Int:       It affects your intelligence (+3).
   Dex:       It affects your dexterity (+3).
   rCorr:     It protects you from acid and corrosion.
   Stlth:     It makes you more stealthy.
 B - the ring "Vyikamm" (right hand) {Contam rElec rPois Will+ Stlth+}
   (You took it off a hobgoblin on level 4 of the Dungeon)

   [ring of willpower]

   rElec:     It insulates you from electricity.
   rPois:     It protects you from poison.
   Contam:    It causes magical contamination when unequipped.
   Will:      It increases your willpower.
   Stlth:     It makes you more stealthy.
 H - a ring of protection from fire
Wands
 d - a wand of acid (3)
 f - a wand of flame (5)
 m - a wand of digging (8)
 v - a wand of mindburst (8)
 Q - a wand of roots (1)
Scrolls
 e - 3 scrolls of teleportation
 h - 5 scrolls of vulnerability
 i - 3 scrolls of immolation
 k - 4 scrolls of magic mapping
 l - 5 scrolls of blinking
 n - a scroll of silence
 o - a scroll of fear
 p - 2 scrolls of fog
 C - 4 scrolls of poison
 G - 2 scrolls of enchant weapon
 V - a scroll of brand weapon {unknown}
Potions
 g - 3 potions of cancellation
 q - 2 potions of curing
 r - 8 potions of ambrosia
 s - 7 potions of haste
 w - 5 potions of resistance
 I - a potion of degeneration {unknown}
 K - 2 potions of attraction
 L - a potion of might
 N - 3 potions of invisibility
 S - 2 potions of magic


   Skills:
 + Level 9.7 Fighting
 + Level 12.6 Long Blades
 + Level 7.5 Throwing
 + Level 10.6 Armour
 + Level 4.5 Dodging
 + Level 4.8 Stealth
 + Level 7.8 Shields
 + Level 6.7 Spellcasting
 + Level 7.5 Translocations
 + Level 6.0 Invocations
 + Level 1.4 Evocations


You had 18 spell levels left.
You knew the following spells:

 Your Spells              Type           Power      Damage    Failure   Level
a - Manifold Assault      Tloc           22%        N/A       12%         4
w - Wereblood             Tmut           4%         N/A       36%         2
x - Blink                 Tloc           44%        N/A       1%          2

Your spell library contained the following spells:

 Spells                   Type           Power      Damage    Failure   Level
 Beastly Appendage        Tmut           8%         N/A       26%         1
 Necrotise                Necr           16%        1d4       26%         1
 Shock                    Conj/Air       16%        1d4       26%         1
 Sting                    Tmut/Pois      16%        1d3       26%         1
 Poisonous Vapours        Pois/Air       8%         N/A       36%         2
 Static Discharge         Conj/Air       8%         2-3/arc   36%         2
 Inner Flame              Hex/Fire       4%         N/A       61%         3
 Spider Form              Tmut/Pois      4%         N/A       61%         3
 Swiftness                Air            4%         N/A       61%         3
 Vampiric Draining        Necr           4%         2d6       61%         3
 Airstrike                Air            2%         2d(1-17)  95%         4
 Flame Wave               Conj/Fire      4%         2d5       95%         4
 Olgreb's Toxic Radiance  Pois           4%         N/A       95%         4
 Sticky Flame             Conj/Fire      4%         2d3       95%         4
 Agony                    Necr           4%         N/A       100%        5
 Yara's Violent Unravell  Hex/Tmut       2%         3d3       100%        5
 Eringya's Noxious Bog    Tmut/Pois      2%         N/A       100%        6
 Enfeeble                 Hex            2%         N/A       100%        7
 Storm Form               Tmut/Air       2%         N/A       100%        7
 Summon Small Mammal      Summ           Unusable   N/A       N/A         1
 Call Canine Familiar     Summ           Unusable   N/A       N/A         3
 Summon Guardian Golem    Hex/Summ       Unusable   N/A       N/A         3
 Summon Forest            Summ/Tloc      Unusable   N/A       N/A         5
 Summon Lightning Spire   Summ/Air       Unusable   N/A       N/A         4
 Summon Hydra             Summ           Unusable   N/A       N/A         7

Dungeon Overview and Level Annotations

Branches:
Dungeon (11/15)            Temple (1/1) D:4            Lair (5/5) D:8
  Swamp (0/4) Lair:3        Snake (0/4) Lair:2        Slime (0/5) Lair:4
    Orc (1/2) D:10        Ossuary (visited)

Altars:
Ashenzari
Cheibriados
Dithmenos
Elyvilon
Fedhas
Gozag
Hepliaklqana
Kikubaaqudgha
Makhleb
Nemelex Xobeh
Okawaru
Qazlal
Ru
Sif Muna
Trog
Uskayaw
Vehumet
Wu Jian
Xom
Yredelemnul
Zin
The Shining One
Jiyva

Portals:
Trove: D:10 (give 5 scrolls of blinking)

Annotations:
D:11 3 runed translucent doors, GriffinBr's ghost, journeyman MiBe; Peloso's ghost, journeyman MiFi; raetorn's ghost, journeyman OpBr
Orc:1 Jorgrun


Innate Abilities, Weirdness & Mutations

You are completely covered in rugged brown scales. (AC +3, +7% HP)
Armour fits poorly on your strangely shaped body.
You have a long armoured tail.
You roll when moving toward enemies. (Rampage)
Your long tongue fully drains potion bottles. (2x potion effects)
Your tongue gives you trouble enunciating. (1.5x scroll delay)


Message History

The death yak gores you.
* * * LOW HITPOINT WARNING * * *
You hit the death yak.
Lightning courses through the death yak!
The death yak is almost dead.
You hit the death yak.
The death yak is almost dead.
The death yak gores you but does no damage.
You slash the death yak!
You kill the death yak!
Okawaru accepts your kill.
The komodo dragon hisses menacingly.
Throw: 13 darts (poison)
Press: ? - help, Q - select action, (/) - cycle Shift-Dir - straight line, f - komodo dragon
Aim: a komodo dragon (72% to hit)
You throw a poisoned dart.
The poisoned dart hits the komodo dragon.
The komodo dragon is poisoned.
Throw: 12 darts (poison)
Press: ? - help, Q - select action, (/) - cycle Shift-Dir - straight line, f/p - komodo dragon
Aim: a komodo dragon (poisoned, 72% to hit)
You throw a poisoned dart.
The poisoned dart hits the komodo dragon!
The komodo dragon looks as sick as possible!
The komodo dragon hisses menacingly.
You roll towards the komodo dragon!
You hit the komodo dragon.
The komodo dragon is heavily wounded.
The komodo dragon closely misses you.
You slash the komodo dragon!
The komodo dragon is severely wounded.
You slash the komodo dragon!
You tail-slap the komodo dragon, but do no damage.
The komodo dragon is almost dead.
The komodo dragon bites you!
* * * LOW HITPOINT WARNING * * *
You barely miss the komodo dragon.
Your tail-slap misses the komodo dragon.
The komodo dragon is almost dead.
The komodo dragon bites you!!
You die...

......................##....#
....#.P..................P..##
...####.<.#P...............P.####
.....##..####....................
#..##.....###....................
#<.#.......##....................
P..##.....###....................
..P##..##+.................).....
#...####P.#P....@l.............((
P...#.#P...÷.....................
#..........÷.....................
#...............................$
##......#.P.......#.#.....##.#.#.
##########...#.#.####.####.###.#
###..#### ### ## ### ####


You could see a komodo dragon (poisoned).

Vanquished Creatures
  Fannar (Lair:2)
  The ghost of Qouleodu the Cleaver, a journeyman DgFi (Lair:3)
  3 hydras
  A boulder beetle (D:11)
  Erica (D:10)
  3 two-headed ogres
  7 death yaks
  A skyshark (Lair:3)
  Amaemon (Lair:2)
  5 deep elf zephyrmancers
  4 deep elf pyromancers
  A salamander (Lair:2)
  2 orc knights
  A cyclops (D:11)
  A wolf spider (Lair:5)
  18 elephants
  An eye of devastation (Lair:4)
  Maurice (D:11)
  A black mamba (Lair:3)
  An orange demon (Lair:2)
  9 cane toads
  8 komodo dragons
  3 kobold demonologists
  2 rime drakes (Lair:3)
  2 polar bears
  A queen bee (Lair:3)
  3 trolls
  4 hornets
  Grinder (D:3)
  20 blink frogs
  7 dream sheep
  A vampire (D:11)
  6 wyverns
  9 spriggans
  54 yaks
  3 wraiths
  2 vampire mosquitoes (D:11)
  3 basilisks
  A warg (D:10)
  12 water moccasins
  3 acid dragons
  A floating eye (Lair:4)
  2 ice beasts
  2 sky beasts
  14 orc warriors
  3 ogres
  9 wolves
  2 centaurs
  The ghost of Beluga the Magician, an amateur DjCj (D:3)
  2 phantoms
  3 kobold brigands (D:9)
  9 bullfrogs
  4 scorpions
  2 gnoll sergeants
  10 wights (D:7)
  35 killer bees
  A howler monkey (D:7)
  An electric eel (Lair:3)
  2 jellies
  3 lava snakes (Lair:2)
  8 orc priests
  Crazy Yiuf (D:3)
  4 gnoll boudas
  2 hounds
  A human zombie (Ossuary)
  4 sleepcaps
  2 iguanas
  12 orc wizards
  A hell rat (D:8)
  2 hound zombies (Ossuary)
  4 mummies (Ossuary)
  Robin (D:4)
  24 gnolls
  8 adders
  A white imp (D:5)
  2 ufetubi
  2 adder zombies (Ossuary)
  A worm (D:3)
  40 orcs
  4 ball pythons (D:3)
  8 endoplasms
  5 giant cockroaches
  16 goblins
  11 hobgoblins
  4 jackals
  10 kobolds
  7 quokkas
  6 bats
  5 frilled lizards
  A gnoll zombie (Ossuary)
  A goblin zombie (Ossuary)
  A jackal zombie (Ossuary)
  3 kobold zombies (Ossuary)
  5 rats
  A rat zombie (Ossuary)
523 creatures vanquished.

Notes
Turn   | Place    | Note
-------+----------+-------------------------------------------
     0 | D:1      | mys the Armataur Fighter began the quest for the Orb.
     0 | D:1      | Reached XP level 1. HP: 19/19 MP: 1/1
   161 | D:1      | Reached XP level 2. HP: 22/26 MP: 2/2
   387 | D:1      | Reached skill level 2 in Long Blades
   668 | D:2      | Reached XP level 3. HP: 21/32 MP: 3/3
   752 | D:2      | Found a stormy altar of Qazlal.
  1455 | D:3      | Found a runed translucent gate.
  1455 | D:3      | Noticed Beluga's ghost (amateur DjCj)
  1456 | D:3      | Found a runed translucent gate.
  1460 | D:3      | Found a runed translucent gate.
  1520 | D:3      | Noticed Grinder
  1532 | D:3      | Killed Grinder
  1533 | D:3      | Reached skill level 3 in Long Blades
  1533 | D:3      | Reached skill level 5 in Armour
  1533 | D:3      | Reached XP level 4. HP: 15/40 MP: 4/4
  1533 | D:3      | Reached XP level 5. HP: 18/48 MP: 5/5
  1675 | D:3      | Reached XP level 6. HP: 54/54 MP: 6/6
  1677 | D:3      | Reached skill level 4 in Long Blades
  1686 | D:3      | Found a runed translucent door.
  1687 | D:3      | Noticed Crazy Yiuf
  1829 | D:3      | Reached skill level 1 in Stealth
  2495 | D:3      | Killed Crazy Yiuf
  2604 | D:3      | Killed Beluga's ghost
  2605 | D:3      | Reached skill level 1 in Dodging
  2879 | D:4      | Identified the ring of Xom's Attic {rCorr Int+3 Dex+3
                  | Stlth+}
  2884 | D:4      | Reached skill level 5 in Long Blades
  2884 | D:4      | Reached XP level 7. HP: 37/60 MP: 7/7
  2963 | D:4      | Found a staircase to the Ecumenical Temple.
  2972 | Temple   | Entered the Ecumenical Temple
  2995 | Temple   | Became a worshipper of Warmaster Okawaru
  3412 | D:3      | Reached skill level 1 in Evocations
  3707 | D:4      | Identified the ring "Vyikamm" {Contam rElec rPois Will+
                  | Stlth+}
  3805 | D:4      | Noticed Robin
  3810 | D:4      | Killed Robin
  4298 | D:5      | Entered Level 5 of the Dungeon
  4438 | D:5      | Reached XP level 8. HP: 52/70 MP: 8/8
  4507 | D:5      | Reached * piety under Okawaru
  4508 | D:5      | Reached skill level 6 in Long Blades
  4877 | D:5      | Learned a level 2 spell: Blink
  5227 | D:5      | Noticed a two-headed ogre
  5244 | D:5      | Killed a two-headed ogre
  5245 | D:5      | Reached skill level 7 in Long Blades
  5245 | D:5      | Reached skill level 1 in Throwing
  5245 | D:5      | Reached skill level 1 in Spellcasting
  5411 | D:5      | Reached XP level 9. HP: 72/75 MP: 11/11
  5687 | D:6      | Found a sand-covered staircase.
  5694 | Ossuary  | Entered an ossuary
  5739 | Ossuary  | Reached ** piety under Okawaru
  5780 | Ossuary  | Reached skill level 5 in Shields
  7365 | D:7      | Found the +18 Lear's hauberk
  7716 | D:7      | Reached skill level 5 in Fighting
  8339 | D:8      | Noticed a death yak
  8348 | D:8      | Noticed a death yak
  8713 | D:9      | Reached XP level 10. HP: 35/86 MP: 14/14
  9061 | D:8      | Reached skill level 8 in Long Blades
  9111 | D:8      | Found a staircase to the Lair.
  9115 | D:8      | Noticed a death yak
  9811 | D:9      | Reached *** piety under Okawaru
 11248 | D:9      | Paralysed by a hornet for 1 turns
 11283 | D:9      | Reached **** piety under Okawaru
 11705 | D:10     | Entered Level 10 of the Dungeon
 11837 | D:9      | Reached skill level 5 in Translocations
 11935 | D:10     | Found a staircase to the Orcish Mines.
 12080 | D:10     | Noticed a two-headed ogre
 12106 | D:10     | Killed a two-headed ogre
 12107 | D:10     | Reached XP level 11. HP: 78/95 MP: 17/17
 12224 | D:10     | HP: 4/95 [yak (12)]
 12249 | D:10     | HP: 3/95 [yak (12)]
 12551 | D:10     | Reached ***** piety under Okawaru
 12578 | D:10     | Reached skill level 9 in Long Blades
 13087 | D:10     | Learned a level 4 spell: Manifold Assault
 13197 | D:10     | Found a burning altar of Makhleb.
 13502 | D:10     | Found a portal to a secret trove of treasure.
 13585 | D:11     | Noticed Maurice
 13585 | D:11     | Noticed a boulder beetle
 13721 | D:11     | Killed a boulder beetle
 13771 | D:11     | Killed Maurice
 13772 | D:11     | Reached skill level 5 in Spellcasting
 14105 | D:11     | Received a gift from Okawaru
 14708 | D:11     | Noticed a two-headed ogre
 14743 | D:11     | Killed a two-headed ogre
 14743 | D:11     | Received a gift from Okawaru
 14744 | D:11     | Reached skill level 5 in Throwing
 14901 | D:11     | Found a runed translucent gate.
 14901 | D:11     | Found a runed translucent gate.
 14901 | D:11     | Found a runed translucent gate.
 14901 | D:11     | Noticed raetorn's ghost (journeyman OpBr)
 14902 | D:11     | Noticed GriffinBr's ghost (journeyman MiBe)
 14902 | D:11     | Noticed Peloso's ghost (journeyman MiFi)
 14902 | D:11     | Noticed Peloso's ghost (journeyman MiFi)
 15532 | D:8      | Killed a death yak
 15533 | D:8      | Reached skill level 1 in Invocations
 15533 | D:8      | Reached XP level 12. HP: 87/103 MP: 13/20
 15541 | D:8      | Killed a death yak
 15548 | D:8      | Killed a death yak
 15739 | Lair:1   | Entered Level 1 of the Lair of Beasts
 15942 | D:8      | Reached skill level 10 in Long Blades
 16076 | D:8      | HP: 3/107 [yak (11)]
 16544 | Lair:1   | Received a gift from Okawaru
 17082 | Lair:2   | Noticed a five-headed hydra
 17184 | Orc:1    | Entered Level 1 of the Orcish Mines
 17197 | Orc:1    | Identified the +6 arbalest of Integrity {penet, rN+}
 17202 | Orc:1    | Reached ****** piety under Okawaru
 17202 | Orc:1    | Received a gift from Okawaru
 17752 | Orc:1    | Noticed Erica
 17871 | D:10     | Killed Erica
 17884 | D:10     | Reached skill level 11 in Long Blades
 18268 | Orc:1    | Noticed Jorgrun
 18440 | Lair:2   | Noticed Amaemon
 18462 | Lair:2   | Killed Amaemon
 18462 | Lair:2   | Received a gift from Okawaru
 18579 | Lair:2   | Reached XP level 13. HP: 114/114 MP: 21/21
 18813 | Lair:2   | Found a staircase to the Snake Pit.
 19021 | Lair:2   | You fall into a shaft and drop 1 floor!
 19287 | Lair:2   | Reached skill level 5 in Invocations
 19594 | Lair:2   | Noticed Fannar
 19624 | Lair:2   | Killed Fannar
 20645 | Lair:2   | Reached skill level 10 in Armour
 21252 | Lair:3   | Found a staircase to the Swamp.
 22023 | Lair:3   | Received a gift from Okawaru
 22582 | Lair:3   | Received a gift from Okawaru
 22598 | Lair:3   | Reached skill level 12 in Long Blades
 22997 | Lair:3   | Received a gift from Okawaru
 23107 | Lair:3   | Identified the staff of poison "Dogull" {Fly rPois rC- rN+
                  | Dex+6}
 23222 | Lair:3   | Found a runed translucent door.
 23224 | Lair:3   | Noticed Qouleodu's ghost (journeyman DgFi)
 23224 | Lair:3   | Identified the +5 spear "Esiled" {speed, rPois}
 23244 | Lair:3   | Killed Qouleodu's ghost
 23259 | Lair:3   | HP: 4/117 [spriggan rider/the +5 spear "Esiled" {speed,
                  | rPois} (8)]
 24284 | Lair:4   | Paralysed by a floating eye for 3 turns
 24306 | Lair:4   | Found a staircase to the Slime Pits.
 24306 | Lair:4   | Found a viscous altar of Jiyva.
 24333 | Lair:4   | Reached XP level 14. HP: 52/126 MP: 20/23
 24346 | Lair:4   | HP: 2/126 [komodo dragon (48)]
 25365 | Lair:4   | Learned a level 2 spell: Wereblood
 26165 | Lair:5   | Entered Level 5 of the Lair of Beasts
 26920 | Lair:5   | Received a gift from Okawaru
 26966 | Lair:5   | Mangled by a komodo dragon

Illustrated notes

Levels and vault maps discovered:
D:1:      ncdulo_watergridlock, layout_rooms, minmay_misc_feat_cross,
          minmay_pentomino_t2
D:2:      layout_basic, basic_altar
D:3:      layout_basic, gammafunk_ghost_split, uniq_grinder,
          uniq_crazy_yiuf_cottage
D:4:      layout_basic, minmay_temple_entry_junction, uniq_robin
D:5:      minmay_skewed_foursquare, layout_basic
D:6:      layout_cave_pools, enter_ossuary_2, kb_lookout_dungeons_type
D:7:      layout_gridville
D:8:      layout_basic, dpeg_lair_monsters, minmay_orc_keep
D:9:      minmay_polygon_palace, layout_basic
D:10:     layout_roguey, bloody_makhleb, orc_0_dummy,
          nicolae_trove_entry_columns
D:11:     layout_irregular_city, gammafunk_ghost_cemetery,
          minmay_quadrilaterals, uniq_maurice
Temple:   regret_index_temple_sigil_plot
Lair:1:   layout_chaotic_city, grunt_megastairs_1
Lair:2:   layout_regular_city, nicolae_snake_entry_warm_welcome,
          infiniplex_staircase_pool_2, uniq_fannar, uniq_amaemon
Lair:3:   regret_index_bee_streams, layout_chaotic_city, swamp_mist_pool,
          ebering_ghost_funeral_grove, nicolae_quartered_pool_medium,
          wad_woods_01
Lair:4:   layout_regular_city, minmay_slime_entry_eyes, grunt_megastairs_3
Lair:5:   hangedman_lair_tendril_chambers, layout_regular_city,
          guppyfry_lair_end_dragon
Orc:1:    layout_caves, elves_outpost_lemuel, uniq_erica, uniq_jorgrun

Skill      XL: |  1  2  3  4  5  6  7  8  9 10 11 12 13 |
---------------+----------------------------------------+-----
Armour         | 4 5 6 7 8 9 10 | 10.6
Long Blades    | 2 3 5 7 8 9 11 12 | 12.6
Fighting       | 3 4 5 6 7 9 |  9.7
Shields        | 4 5 6 7 |  7.8
Stealth        | 1 3 4 |  4.8
Dodging        | 1 2 3 4 |  4.5
Evocations     | 1 |  1.4
Throwing       | 1 2 4 5 6 7 |  7.5
Spellcasting   | 1 2 4 5 6 |  6.7
Translocations | 2 3 5 6 7 |  7.5
Invocations    | 1 4 6 |  6.0

Action                     |  1- 3 |  4- 6 |  7- 9 | 10-12 | 13-15 || total
---------------------------+-------+-------+-------+-------+-------++-------
  Melee: Long sword        |   103 |   111 |   424 |   410 |       ||  1048
         Tailslap          |     7 |    16 |    79 |   138 |   138 ||   378
         Falchion          |       |       |   160 |    55 |       ||   215
         Scimitar          |       |       |       |   282 |   885 ||  1167
  Throw: Javelin           |       |       |    32 |    13 |     1 ||    46
         Boomerang         |       |       |    32 |       |       ||    32
         Dart              |       |       |     6 |   159 |    92 ||   257
   Cast: Manifold Assault  |       |       |       |     3 |    34 ||    37
         Blink             |       |       |       |       |     2 ||     2
         Wereblood         |       |       |       |       |     1 ||     1
 Invoke: Heroism           |       |       |     4 |    10 |     8 ||    22
         Finesse           |       |       |       |     3 |     1 ||     4
  Evoke: Wand              |       |     1 |     3 |     6 |       ||    10
    Use: Potion            |     2 |     2 |     2 |     9 |     4 ||    19
         Scroll            |       |     6 |    12 |    10 |     5 ||    33
   Stab: Distracted        |       |       |     1 |     1 |     1 ||     3
         Sleeping          |       |       |     7 |     2 |     5 ||    14
 Armour: Scale mail        |    31 |       |       |       |       ||    31
         Chain mail        |    30 |    65 |   124 |       |       ||   219
         Ring mail         |       |       |   181 |   272 |   497 ||   950
  Dodge: Dodged            |    32 |    21 |   206 |   240 |   333 ||   832
  Block: Buckler           |    25 |    15 |   124 |   182 |   207 ||   553
